[Event "FIDE WYCC Open U14 2023"]
[Site "Montesilvano"]
[Date "2023.11.24"]
[Round "11.30"]
[White "Sheahan, Gavin"]
[Black "Brattgjerd, Isak Vinh"]
[Result "1/2-1/2"]
[ECO "D20"]
[WhiteElo "1807"]
[BlackElo "2235"]
[Annotator "RC"]
[PlyCount "137"]
[EventDate "2023.11.13"]
[EventType "swiss"]
[EventCountry "ITA"]
[SourceTitle "playchess.com"]
[Source "ChessBase"]
[SourceQuality "1"]
[TimeControl "40/5400+30:1800+30"]

1. d4 d5 2. c4 dxc4 3. e3 a6 4. Bxc4 Nf6 5. Nf3 e6 6. O-O c5 7. Nbd2 b5 8. Be2 Bb7 9. a4 b4 10. b3 Nbd7 11. Bb2 Be7 12. Nc4 Qc7 13. dxc5 Bxc5 14. Nfe5 O-O 15. Bf3 Rfd8 16. Qe2 Bxf3 17. Qxf3 Bf8 18. Nd3 Nd5 19. Rac1 Rac8 20. e4 Nc3 21. Bxc3 bxc3 22. Rxc3 Nf6 23. Re1 Rd4 24. e5 Nd5 25. Rcc1 Qa7 26. h3 Rb8 27. Na5 Ne7 28. Nb2 Rbd8 29. Nbc4 Rd3 30. Re3 Rxe3 31. Qxe3 Qb8 32. Qb6 Qc8 33. Nb7 Rd3 34. Nbd6 Qa8 35. Ne3 h5 36. b4 Nd5 37. Nxd5 Qxd5 38. Qxa6 Rd4 39. Qa7 Bxd6 40. exd6 Rd1+ 41. Rxd1 Qxd1+ 42. Kh2 Qxd6+ 43. g3 Qxb4 44. Qa8+ Kh7 45. a5 h4 46. g4 f5 47. gxf5 Qf4+ 48. Kg2 Qg5+ 49. Kf1 Qc1+ 50. Ke2 Qc2+ 51. Ke3 Qc3+ 52. Ke2 Qc2+ 53. Kf1 Qc1+ 54. Kg2 Qg5+ 55. Kf3 Qxf5+ 56. Ke2 Qc2+ 57. Ke3 Qc5+ 58. Kd3 Qb5+ 59. Kd4 e5+ 60. Ke3 Qb3+ 61. Ke2 Qc4+ 62. Ke3 Qd4+ 63. Kf3 Qf4+ 64. Kg2 Qg5+ 65. Kf1 Qc1+ 66. Ke2 Qc4+ 67. Kf3 Qf4+ 68. Ke2 Qc4+ 69. Kf3 1/2-1/2

[Event "FIDE WYCC Open U14 2023"]
[Site "Montesilvano"]
[Date "2023.11.24"]
[Round "11.31"]
[White "Kabylbek, Yedil"]
[Black "Arnold, Rhys"]
[Result "0-1"]
[ECO "B32"]
[WhiteElo "1710"]
[BlackElo "2146"]
[Annotator "NA RC"]
[PlyCount "86"]
[EventDate "2023.11.13"]
[EventType "swiss"]
[EventCountry "ITA"]
[SourceTitle "playchess.com"]
[Source "ChessBase"]
[SourceQuality "1"]
[TimeControl "40/5400+30:1800+30"]

1. e4 c5 2. Nf3 Nc6 3. d4 cxd4 4. Nxd4 e5 5. Nb5 d6 6. c4 g6 7. N1c3 a6 8. Na3 Be6 9. Nc2 f5 10. exf5 gxf5 11. Be2 Nf6 12. O-O Bg7 13. f4 O-O 14. Be3 Rc8 15. Rc1 Ne7 16. Nb4 exf4 17. Bd4 Qa5 18. a3 Kh8 19. Re1 Nc6 20. Nxc6 bxc6 21. Bd3 Rce8 22. Qf3 c5 23. Bf2 Ng4 24. Re2 Ne5 25. Qh3 f3 26. Rxe5 dxe5 27. gxf3 Rd8 28. Rd1 e4 29. fxe4 fxe4 30. Qxe6 exd3 31. Ne4 Qc7 32. Bg3 Qf7 33. Qxf7 Rxf7 34. Kg2 Kg8 35. b4 cxb4 36. axb4 Rb7 37. Be1 Rd4 38. Nc5 Re7 39. Nxa6 Rxc4 40. b5 Bc3 41. Bg3 d2 42. b6 Rb7 43. Bf2 Ba5 0-1

[Event "FIDE WYCC Open U14 2023"]
[Site "Montesilvano"]
[Date "2023.11.24"]
[Round "11.32"]
[White "Yang, Sylvia Siyuan"]
[Black "Tregubenko, Nikolay"]
[Result "0-1"]
[ECO "E73"]
[WhiteElo "1973"]
[BlackElo "2138"]
[Annotator "NA RC"]
[PlyCount "90"]
[EventDate "2023.11.13"]
[EventType "swiss"]
[EventCountry "ITA"]
[SourceTitle "playchess.com"]
[Source "ChessBase"]
[SourceQuality "1"]
[TimeControl "40/5400+30:1800+30"]

1. d4 Nf6 2. c4 g6 3. Nc3 Bg7 4. e4 O-O 5. Be2 d6 6. Be3 Nc6 7. g4 e5 8. d5 Nd4 9. f3 Ne8 10. Qd2 f5 11. O-O-O f4 12. Bxd4 exd4 13. Nb5 c5 14. dxc6 bxc6 15. Nxd4 Qb6 16. Nb3 Rb8 17. Nh3 Be5 18. Rhf1 a5 19. c5 dxc5 20. Bc4+ Kg7 21. Qxa5 Nd6 22. Be2 Qxa5 23. Nxa5 Bxb2+ 24. Kc2 Bd4 25. Nb3 Be5 26. Rb1 Ra8 27. Nc1 c4 28. Rb6 Ra6 29. Rb4 Be6 30. Rd1 h6 31. Bf1 Raa8 32. Rd2 Nb5 33. a4 Na3+ 34. Kd1 Rab8 35. Rxb8 Rxb8 36. Ra2 Nb1 37. Rc2 c3 38. Bd3 Na3 39. Re2 Nc4 40. Bxc4 Bxc4 41. Rc2 Rb1 42. Nf2 Bb3 43. Nfd3 Bd4 44. Nxf4 Be3 45. Nfe2 Bxa4 0-1

[Event "FIDE WYCC Open U14 2023"]
[Site "Montesilvano"]
[Date "2023.11.24"]
[Round "11.33"]
[White "Yessengali, Adizhan"]
[Black "Asikainen, Eeli"]
[Result "0-1"]
[ECO "A02"]
[WhiteElo "1725"]
[BlackElo "2081"]
[Annotator "NA RC"]
[PlyCount "82"]
[EventDate "2023.11.13"]
[EventType "swiss"]
[EventCountry "ITA"]
[SourceTitle "playchess.com"]
[Source "ChessBase"]
[SourceQuality "1"]
[TimeControl "40/5400+30:1800+30"]

1. f4 e5 2. d3 Nc6 3. Nf3 exf4 4. Bxf4 d5 5. g3 Nf6 6. Bg2 Bd6 7. Bxd6 Qxd6 8. c3 Bg4 9. Na3 O-O-O 10. Qa4 Rhe8 11. O-O Rxe2 12. b4 Bxf3 13. Bxf3 Re7 14. d4 Re3 15. Bg2 Kb8 16. Rab1 Rde8 17. b5 Nxd4 18. b6 axb6 19. Kh1 Nc6 20. Nb5 Qc5 21. Qf4 R8e7 22. Qg5 Ne8 23. a4 R3e5 24. Qg4 h5 25. Qf4 Nd6 26. c4 Nxc4 27. Rbc1 Qe3 28. Rfd1 Qxf4 29. gxf4 Rf5 30. Bh3 Rxf4 31. Rxd5 N4e5 32. Rcd1 Re8 33. Re1 f6 34. Rd7 Re7 35. Rd5 g5 36. Red1 Re8 37. Be6 Rxa4 38. Bf5 Rc4 39. Bd7 Rf8 40. Na3 Rc5 41. R5d2 Rd8 0-1

[Event "FIDE WYCC Open U14 2023"]
[Site "Montesilvano"]
[Date "2023.11.24"]
[Round "11.34"]
[White "Sommer, Justus"]
[Black "Radzimski, Antoni"]
[Result "1-0"]
[ECO "C43"]
[WhiteElo "2013"]
[BlackElo "1904"]
[Annotator "NA RC"]
[PlyCount "59"]
[EventDate "2023.11.13"]
[EventType "swiss"]
[EventCountry "ITA"]
[SourceTitle "playchess.com"]
[Source "ChessBase"]
[SourceQuality "1"]
[TimeControl "40/5400+30:1800+30"]

1. e4 e5 2. Nf3 Nf6 3. d4 Nxe4 4. Bd3 d5 5. dxe5 Nc5 6. Be2 Be7 7. O-O O-O 8. Nc3 Be6 9. Be3 Nc6 10. Qe1 Nd7 11. Rd1 Nb6 12. a3 Qd7 13. Bxb6 axb6 14. Nxd5 Bxd5 15. c4 Ra5 16. b4 Rxa3 17. cxd5 Na7 18. Bd3 Qg4 19. Nd4 Kh8 20. Bf5 Qh5 21. f4 c5 22. Nc2 Ra2 23. Bd3 cxb4 24. d6 Bh4 25. Qxb4 Bd8 26. Rf3 b5 27. Qb3 Ra4 28. Rdf1 h6 29. Bxb5 Nxb5 30. Qxa4 1-0

[Event "FIDE WYCC Open U14 2023"]
[Site "Montesilvano"]
[Date "2023.11.24"]
[Round "11.35"]
[White "Georgiadis, Anastasios"]
[Black "Kao, Jamison Edrich"]
[Result "1-0"]
[ECO "E71"]
[WhiteElo "2001"]
[BlackElo "1701"]
[Annotator "NA RC"]
[PlyCount "99"]
[EventDate "2023.11.13"]
[EventType "swiss"]
[EventCountry "ITA"]
[SourceTitle "playchess.com"]
[Source "ChessBase"]
[SourceQuality "1"]
[TimeControl "40/5400+30:1800+30"]

1. d4 Nf6 2. c4 g6 3. Nc3 Bg7 4. e4 d6 5. h3 O-O 6. Be3 c5 7. Nf3 cxd4 8. Nxd4 Nc6 9. Be2 Nxd4 10. Bxd4 Bd7 11. O-O Bc6 12. Qc2 a5 13. Rad1 Nd7 14. Bxg7 Kxg7 15. Bg4 Ne5 16. c5 Nxg4 17. hxg4 Qc8 18. cxd6 Qxg4 19. dxe7 Rfe8 20. Nd5 Bxd5 21. exd5 Rxe7 22. Qc3+ Kg8 23. d6 Rd7 24. Rfe1 Qh4 25. Rd3 Qd8 26. Qd4 Qf8 27. Qf4 Rad8 28. Red1 f6 29. b3 Kg7 30. Rd5 Ra8 31. Qa4 Qd8 32. Qe4 Kf7 33. Rb5 Qe8 34. Qf3 Ra7 35. Qc3 Qd8 36. Qc5 Qb8 37. Qd5+ Kg7 38. Rb6 Qd8 39. Qc5 Ra8 40. Rc1 Kf8 41. Qd4 Kg7 42. Qc5 Kf8 43. a4 Rb8 44. b4 axb4 45. Qxb4 h5 46. a5 Rc8 47. Rc7 Rdxc7 48. dxc7+ Qe7 49. Rxf6+ Ke8 50. Qb5+ 1-0